 Dungeon Crawl Stone Soup version 0.30-a0-269-gf0224bf7b6 (webtiles) character file.

Game seed: 3262583840485708497

104 slphil the Magician (level 5, 8/40 HPs)
             Began as a Djinni Necromancer on Oct 14, 2022.
             Quit the game on level 3 of the Dungeon.
             The game lasted 00:05:15 (1947 turns).

slphil the Magician (Djinni Necromancer)            Turns: 1947, Time: 00:05:16

Health: 8/40       AC:  2    Str:  7    XL:     5   Next: 7%
Gold:   96         EV: 13    Int: 18    God:
                   SH:  0    Dex: 20

rFire   + + .      SeeInvis .    i - staff of death
rCold   x . .      Faith    .    (no shield)
rNeg    + . .      Spirit   .    a - +0 robe
rPois   ∞          Reflect  .    (no helmet)
rElec   .          Harm     .    (no cloak)
rCorr   .          Rampage  .    (no gloves)
Will    .....                    (boots unavailable)
Stlth   ++........               (no amulet)
HPRegen 0.26/turn                l - +6 ring of dexterity
MPRegen 0.00/turn                (no ring)

@: flying
A: sickness immunity, fire resistance 2, cold vulnerability 1, float, innate
caster, HP casting, extra vitality 1
a: no special abilities


You were on level 3 of the Dungeon.
You visited 1 branch of the dungeon, and saw 3 of its levels.
You also visited: Sewer.

You collected 96 gold pieces.

Inventory:

Armour
 a - a +0 robe (worn)
Magical Staves
 i - a staff of death (weapon)
Jewellery
 c - a ring of protection from fire
 l - a +6 ring of dexterity (left hand)
Scrolls
 b - 2 scrolls of blinking
 e - 4 scrolls of identify {unknown}
 f - a scroll of enchant weapon {unknown}
 g - 3 scrolls of teleportation {unknown}
 m - a scroll of butterflies {unknown}
Potions
 d - a potion of ambrosia {unknown}
 h - 2 potions of cancellation {unknown}
 j - a potion of mutation {unknown}
 k - 2 potions of invisibility {unknown}
 n - 2 potions of attraction {unknown}


   Skills:
 + Level 2.8 Fighting
 - Level 2.1 Dodging
 - Level 1.5 Stealth
 + Level 4.1 Spellcasting


You couldn't memorise any spells.
You knew the following spells:

 Your Spells              Type           Power      Damage    Failure   Level
a - Necrotise             Necr           100%       1d9       2%          1
b - Vampiric Draining     Necr           27%        2d7       9%          3
c - Animate Dead          Necr           27%        N/A       26%         4
d - Agony                 Necr           27%        N/A       58%         5
e - Shock                 Conj/Air       72%        1d7       2%          1
f - Blink                 Tloc           36%        N/A       4%          2
Your spell library was empty.

Dungeon Overview and Level Annotations

Branches:
Dungeon (3/15)              Sewer (visited)

Altars:

Shops:
D:1 =   D:3 (


Innate Abilities, Weirdness & Mutations

You are immune to sickness and miasma.
You are immune to poison.
Your flesh is very heat resistant. (rF++)
You are vulnerable to cold. (rC-)
You float through the air rather than walking.
You learn spells naturally, not from books.
Your magical power is your life essence.
You have superior vitality. (+4 MHP)


Message History

You aren't carrying any items that you can evoke.
The hell rat roars deafeningly!
There is an open door here.
Okay, then.
Okay, then.
Okay, then.
Blink to where?
Press: ? - help, Dir - move target
As you read the scroll labelled IBAHACZ OF MAA, it crumbles to dust.
It was a scroll of blinking.
k - 2 orange potions (gained 1)
Casting: Necrotise (safe; 2% risk of failure)
Confirm with . or Enter, or press ? or * to list all spells.
Aiming: Shock (safe; 2% risk of failure)
Press: ? - help, Shift-Dir - straight line, f - hell rat
Aim: a hell rat (ally target, 71% to hit)
The zap hits the hell rat.
The hell rat is lightly wounded.
Unknown command.
The zap hits the hell rat.
The hell rat is moderately wounded.
The hell rat closely misses you.
The zap hits the hell rat but does no damage.
The hell rat is moderately wounded.
The hell rat bites you. The hell rat bites you!
You are too injured to fight recklessly!
Unknown command.
Okay, then.
The hell rat bites you!
* * * LOW HITPOINT WARNING * * *
There is a gate leading back out of this place here.
Unknown command.
The hell rat closely misses you.
Welcome back to the Dungeon!
There is a collapsed entrance here.
Unknown command.
Blink to where?
Press: ? - help, Dir - move target
As you read the scroll of blinking, it crumbles to dust.
Are you sure you want to abandon this character and quit the game? (Confirm with "yes".)

#...##..# #......###########
........## #......#.........#
###.###..##########.........#
#....#.....# ###....~~~...#
####....##.###.....r~~~~..#
#........>..#..r.r~~§~~..#
#...........#|....~~~~~..#
#...........#.##...~~~r..#
#...........#@##...(.r...#
#.............##.........#
#...........######.###..##
...........## #.. ..#
##########.# #.## ### #.# #.#
#.# #.#


You could see a river rat.

Vanquished Creatures
  An orc wizard (D:3)
  2 adders (D:3)
  A worm (D:3)
  2 dart slugs
  2 orcs (D:3)
  3 endoplasms
  A goblin (D:2)
  7 hobgoblins
  2 jackals (D:2)
  2 quokkas
  A ball python (D:2)
  8 bats
  3 frilled lizards
  5 kobolds
  6 rats
46 creatures vanquished.

Vanquished Creatures (collateral kills)
  A worm (D:2)
  An orc (D:3)
  A bat (D:2)
  A rat (Sewer)
4 creatures vanquished.

Grand Total: 50 creatures vanquished

Notes
Turn   | Place    | Note
-------+----------+-------------------------------------------
     0 | D:1      | slphil the Djinni Necromancer began the quest for the Orb.
     0 | D:1      | slphil set off with the following spells memorised:
                  | Necrotise, Vampiric Draining, Animate Dead, Agony.
     0 | D:1      | Reached XP level 1. HP: 15/15 MP: 0/0
   142 | D:1      | Found Qexiheg's Jewellery Emporium.
   229 | D:1      | Reached skill level 1 in Fighting
   229 | D:1      | Reached XP level 2. HP: 18/22 MP: 0/0
   948 | D:2      | Reached XP level 3. HP: 22/27 MP: 0/0
   948 | D:2      | Learned a level 1 spell: Shock
  1567 | D:3      | Reached XP level 4. HP: 31/33 MP: 0/0
  1603 | D:3      | Found Yzimnoar's Antique Weapon Shoppe.
  1623 | D:3      | Reached skill level 4 in Spellcasting
  1688 | D:3      | Reached XP level 5. HP: 36/40 MP: 0/0
  1688 | D:3      | Learned a level 2 spell: Blink
  1810 | D:3      | Found a glowing drain.
  1819 | Sewer    | Entered a sewer
  1947 | D:3      | Quit the game

Illustrated notes

Levels and vault maps discovered:
D:1:      lightli_arrival_noodles, layout_basic, serial_shops,
          nicolae_shop_temple_entry_statues_fountains
D:2:      layout_basic, st_stairs_8
D:3:      layout_basic, serial_shops, shop, portal_sewer_entry_a

Skill      XL: |  1  2  3  4 |
---------------+-------------+-----
Fighting       | 1 2 |  2.8
Spellcasting   | 4 |  4.1
Dodging        | |  2.1
Stealth        | |  1.5

Action                   |  1- 3 |  4- 6 || total
-------------------------+-------+-------++-------
 Cast: Necrotise         |    76 |    26 ||   102
       Shock             |       |     3 ||     3
  Use: Scroll            |       |     2 ||     2
Armor: Robe              |     5 |     1 ||     6
Dodge: Dodged            |    13 |    11 ||    24

Table legend: (Time is in decaauts)
 A = Elapsed time spent in this place.
 B = Non-inter-level travel time spent in this place.
 C = Inter-level travel time spent in this place.
 D = Time resting spent in this place.
 E = Time spent auto-exploring this place.
 F = Levels seen in this place.
 G = Mean time per level.
                   A        B        C        D        E       F      G
               +--------+--------+--------+--------+--------+-----+--------+
         Total |   1944 |   1904 |     40 |    160 |   1455 |   4 |  486.0 |
       Dungeon |   1821 |   1781 |     40 |     73 |   1438 |   3 |  607.0 |
         Sewer |    123 |    123 |      0 |     87 |     17 |   1 |  123.0 |
               +--------+--------+--------+--------+--------+-----+--------+

Top non-repeatable levels by time:
     D:1: 872 daAuts
     D:2: 624 daAuts
     D:3: 324 daAuts
   Sewer: 123 daAuts
